 Dungeon Crawl Stone Soup version 0.32-a0-975-g85d4e5bfdb (webtiles) character file.

Game seed: 14417453838071492005

52 PriceMaster the Grave Robber (level 3, -11/24 HPs)
             Began as a Demonspawn Necromancer on Apr 19, 2024.
             Mangled by a gnoll
             ... wielding a +0 flail
              (14 damage)
             ... on level 2 of the Dungeon.
             The game lasted 00:01:06 (860 turns).

PriceMaster the Grave Robber (DsNe)                  Turns: 860, Time: 00:01:06

Health: -11/24     AC:  2    Str:  6 (8)  XL:     3   Next: 60%
Magic:  0/6        EV: 11    Int: 13 (15) God:
Gold:   6          SH:  0    Dex: 14 (15) Spells: 6/7 levels left

rFire   . . .        f - +0 dagger (pain)
rCold   . . .        (no shield)
rNeg    . . .        a - +0 robe
rPois   .            (no helmet)
rElec   .            (no cloak)
rCorr   .            (no gloves)
SInv    .            (no boots)
Will    .....        (no amulet)
Stlth   ++           (no ring)
HPRegen 0.24/turn    (no ring)
MPRegen 0.10/turn

%: no passive effects
@: no status effects
A: demonic guardian 1, weakness stinger 1
a: no special abilities


You were on level 2 of the Dungeon.
You visited 1 branch of the dungeon, and saw 2 of its levels.

You collected 6 gold pieces.

Inventory:

Hand Weapons
 f - a +0 dagger of pain (weapon)
Armour
 a - a +0 robe (worn)
Jewellery
 k - a ring of fire
Scrolls
 c - a scroll of identify {unknown}
 g - a scroll of immolation {unknown}
 i - 2 scrolls of fog {unknown}
 j - 2 scrolls of noise {unknown}
 l - a scroll of torment {unknown}
Potions
 b - a potion of magic
 e - a potion of curing {unknown}
 h - a potion of mutation {unknown}


   Skills:
 + Level 1.9 Dodging
 + Level 1.9 Stealth
 + Level 0.2 Unarmed Combat
 + Level 2.6 Spellcasting
 + Level 5.2 Necromancy


You had 6 spell levels left.
You knew the following spells:

 Your Spells              Type           Power      Damage    Failure   Level
a - Necrotise             Necr           60%        1d7       2%          1

Your spell library contained the following spells:

 Spells                   Type           Power      Damage    Failure   Level
 Vampiric Draining        Necr           15%        2d7       9%          3
 Animate Dead             Necr           15%        N/A       26%         4
 Curse of Agony           Necr           15%        N/A       58%         5


Dungeon Overview and Level Annotations

Branches:
Dungeon (1/15)

Altars:


Innate Abilities, Weirdness & Mutations

A weak demonic guardian rushes to your aid.
You have a small tail.


Message History

The gnoll shouts!
Casting: Necrotise (safe; 2% risk of failure)
Confirm with . or Enter, or press ? or * to list all spells.
Aiming: Necrotise (safe; 2% risk of failure)
Press: ? - help, Shift-Dir - straight line, f/p - gnoll
Aim: a gnoll, wielding a +0 whip (heavily wounded, chance to affect: 81%)
The gnoll writhes in agony.
The gnoll closely misses you. The gnoll attacks as it pursues you!
The gnoll hits you with a +0 whip. The gnoll attacks as it pursues you!
The gnoll barely misses you.
Casting: Necrotise (safe; 2% risk of failure)
Confirm with . or Enter, or press ? or * to list all spells.
Aiming: Necrotise (safe; 2% risk of failure)
Press: ? - help, Shift-Dir - straight line, f/p - gnoll
Aim: a gnoll, wielding a +0 whip (severely wounded, chance to affect: 81%)
The gnoll writhes in agony.
Unknown command.
You hit the gnoll.
The gnoll writhes in agony.
You kill the gnoll!
The gnoll closely misses you.
Casting: Necrotise (safe; 2% risk of failure)
Confirm with . or Enter, or press ? or * to list all spells.
Aiming: Necrotise (safe; 2% risk of failure)
Press: ? - help, Shift-Dir - straight line, f - gnoll
Aim: a gnoll, wielding a +0 flail (chance to affect: 81%)
The gnoll writhes in agony.
The gnoll hits you with a +0 flail. The dart slug launches a dart at you.
The slug dart misses you.
You hit the gnoll.
The gnoll writhes in agony.
The gnoll is severely wounded.
The gnoll hits you with a +0 flail!
Ouch! That really hurt!
* * * LOW HITPOINT WARNING * * *
A demonic guardian appears!
Okay, then.
It was a potion of degeneration.
There was something very wrong with that liquid.
You feel weakened.
You feel dopey.
You feel clumsy. The gnoll hits you with a +0 flail!
Ouch! That really hurt!
You die...

... #.....###..#...... .
....#####..............
....#####.......##......
................+ ......
.....#####......#
................# .
##...$........#
...##............#
........@..........
....#.g5.......... ...
#.gw.......... ..
....##.........
..###.##........ #.# ...
....... # #.# .....# ...
....# ...


You could see 2 gnolls, a dart slug and a friendly iron imp (summoned).

Vanquished Creatures
  A gnoll (D:2)
  2 adders (D:2)
  A dart slug (D:1)
  2 ball pythons (D:1)
  3 bats (D:1)
  4 endoplasms
  2 goblins (D:1)
  2 hobgoblins (D:2)
  2 frilled lizards
  A rat (D:2)
20 creatures vanquished.

Vanquished Creatures (collateral kills)
  A frilled lizard (D:1)
1 creature vanquished.

Grand Total: 21 creatures vanquished

Notes
Turn   | Place    | Note
-------+----------+-------------------------------------------
     0 | D:1      | PriceMaster the Demonspawn Necromancer began the quest for
                  | the Orb.
     0 | D:1      | Reached XP level 1. HP: 13/13 MP: 3/3
   275 | D:1      | Gained mutation: A weak demonic guardian rushes to your
                  | aid. [demonic ancestry]
   275 | D:1      | Reached XP level 2. HP: 19/19 MP: 0/5
   593 | D:1      | You fall into a shaft and drop 1 floor!
   609 | D:2      | Reached skill level 5 in Necromancy
   665 | D:2      | Gained mutation: You have a small tail. [demonic ancestry]
   665 | D:2      | Reached XP level 3. HP: 24/24 MP: 2/6
   860 | D:2      | Mangled by a gnoll

Illustrated notes

Levels and vault maps discovered:
D:1:      lemuel_arrival_rhombus, layout_basic
D:2:      layout_basic, basic_altar, serial_shops, shop

Skill      XL: |  1  2 |
---------------+-------+-----
Necromancy     | 5 |  5.2
Dodging        | |  1.9
Stealth        | |  1.9
Unarmed Combat | |  0.2
Spellcasting   | |  2.6

Action                     || total
---------------------------++-------
  Melee: Unarmed           ||    15
         Dagger            ||     8
   Cast: Necrotise         ||    39
    Use: Potion            ||     1
   Stab: Sleeping          ||     1
 Armour: Robe              ||    20
  Dodge: Dodged            ||    22

Table legend: (Time is in decaauts)
 A = Elapsed time spent in this place.
 B = Non-inter-level travel time spent in this place.
 C = Inter-level travel time spent in this place.
 D = Time resting spent in this place.
 E = Time spent auto-exploring this place.
 F = Levels seen in this place.
 G = Mean time per level.
                   A        B        C        D        E       F      G
               +--------+--------+--------+--------+--------+-----+--------+
         Total |    859 |    859 |      0 |     34 |    672 |   2 |  429.5 |
       Dungeon |    859 |    859 |      0 |     34 |    672 |   2 |  429.5 |
               +--------+--------+--------+--------+--------+-----+--------+

Top non-repeatable levels by time:
     D:1: 592 daAuts
     D:2: 266 daAuts
